 Dungeon Crawl Stone Soup version 0.30.1-9-gdf580d7c3d (webtiles) character file.

Game seed: 11797480616622993389

733 ChiefBigBeans the Trooper (level 7, -2/56 HPs)
             Began as a Demonspawn Fighter on Oct 5, 2023.
             Was a Follower of Qazlal.
             Succumbed to a water moccasin's poison
             ... on level 5 of the Dungeon.
             The game lasted 00:07:33 (3497 turns).

ChiefBigBeans the Trooper (Demonspawn Fighter)      Turns: 3497, Time: 00:07:34

Health: -2/56      AC: 12    Str: 11    XL:     7   Next: 45%
Magic:  1/7        EV:  8    Int: 11    God:    Qazlal [*.....]
Gold:   242        SH:  8    Dex: 22    Spells: 6/6 levels left

rFire   + + .        k - +6 spear of Pride {freeze, rElec rN+ Str-4 Int+3 Dex+3}
rCold   + . .        c - +0 buckler
rNeg    + . .        b - +0 scale mail
rPois   +            m - +1 helmet
rElec   +            (no cloak)
rCorr   +            (no gloves)
SInv    .            (no boots)
Will    .....        (no amulet) Stlth
                     o - ring of protection from fire
HPRegen 0.29/turn    g - +4 ring of protection
MPRegen 0.20/turn

%: guardian spirit
@: mighty, lethally poisoned (-2 -> -15), resistant
A: magic shield, magic regeneration, condensation shield, agile 1, deterioration
1, electricity resistance, inability to drink after injury 1
a: Renounce Religion


You were on level 5 of the Dungeon.
You worshipped Qazlal.
Qazlal was aware of your devotion.
You visited 1 branch of the dungeon, and saw 5 of its levels.

You collected 242 gold pieces.

Inventory:

Hand Weapons
 a - a +0 war axe
 k - the +6 spear of Pride (weapon) {freeze, rElec rN+ Str-4 Int+3 Dex+3}
   (You found it on level 3 of the Dungeon)

   Str:       It affects your strength (-4).
   Int:       It affects your intelligence (+3).
   Dex:       It affects your dexterity (+3).
   rElec:     It insulates you from electricity.
   rN:        It protects you from negative energy.
 l - a +0 sling of freezing
Armour
 b - a +0 scale mail (worn)
 c - a +0 buckler (worn)
 m - a +1 helmet (worn)
Jewellery
 g - a +4 ring of protection (right hand)
 o - a ring of protection from fire (left hand)
Scrolls
 h - 3 scrolls of identify
Potions
 d - 2 potions of might
 e - 3 potions of flight
 f - a potion of invisibility
 i - a potion of magic


   Skills:
 + Level 5.5 Fighting
 - Level 1.7(3.3) Axes
 * Level 4.3(4.5) Polearms
 - Level 2.6 Armour
 + Level 5.0 Shields


You had 6 spell levels left.
You didn't know any spells.
Your spell library contained the following spells:

 Spells                   Type           Power      Damage    Failure   Level
 Magic Dart               Conj           0%         1d3       95%         1
 Call Imp                 Summ           0%         N/A       99%         2
 Mephitic Cloud           Conj/Pois/Air  0%         N/A       100%        3


Dungeon Overview and Level Annotations

Branches:
Dungeon (5/15)
 Temple: D:4-7

Altars:
Qazlal
Vehumet

Shops:
D:1 *

Annotations:
D:1 2 transporters


Innate Abilities, Weirdness & Mutations

When hurt, damage is shared between your health and your magic reserves.
You regenerate magic rapidly.
A meltable shield of frost defends you. (SH +0)
You are agile. (Dex +4, Str/Int -1)
Your body sometimes deteriorates upon taking damage.
You are resistant to electric shocks. (rElec)
You occasionally lose the ability to drink potions when taking damage.


Message History

The ice beast is heavily wounded.
* * * LOW HITPOINT WARNING * * *
You feel very sick.
The ice beast hits you but does no damage.
You block the water moccasin's attack.
You cannot drink potions in your current state!
* * * LOW HITPOINT WARNING * * *
You feel very sick. You block the ice beast's attack.
* * * LOW HITPOINT WARNING * * *
You feel sick.
You see here a hound corpse.
You cannot drink potions in your current state!
Okay, then.
The water moccasin attacks as you move away!
The water moccasin bites you but does no damage.
You can drink potions again.
* * * LOW HITPOINT WARNING * * *
You feel sick. You block the water moccasin's attack.
You see here an iguana corpse.
* * * LOW HITPOINT WARNING * * *
You feel sick.
The water moccasin bites you but does no damage.
You block the ice beast's attack.
* * * LOW HITPOINT WARNING * * *
You feel sick.
The water moccasin bites you but does no damage.
You feel protected.
* * * LOW HITPOINT WARNING * * *
You feel sick. You block the ice beast's attack.
The water moccasin closely misses you.
You feel very mighty all of a sudden.
* * * LOW HITPOINT WARNING * * *
You feel sick. The water moccasin bites you!
* * * LOW HITPOINT WARNING * * *
You are more poisoned.
The water moccasin poisons you!
The ice beast hits you but does no damage.
You closely miss the water moccasin.
You die...

#..##.... .. .....
###.).... ... ....#
#....#..##.... ....
##.#...)....... #...
##..$...).# ..#
.....[#).)# ..#
......#.†°### ..###
#.......YS..# ..#.#
##.....##@○.## ....###
#...........##
......##...........>.###
...........###.........#
........... ###...<..##
........#. ####.###
......# # ### .......
.......


You could see a water moccasin and an ice beast.

Vanquished Creatures
  An ice beast (D:5)
  An ogre (D:5)
  A scorpion (D:4)
  4 orc priests
  4 hounds
  A sleepcap (D:4)
  Jessica (D:3)
  An iguana (D:5)
  An orc wizard (D:5)
  Robin (D:2)
  4 gnolls (D:4)
  2 adders
  4 worms
  4 orcs (D:4)
  7 ball pythons
  6 bats
  7 endoplasms
  2 giant cockroaches (D:1)
  7 goblins
  8 hobgoblins
  8 jackals
  2 quokkas
  4 frilled lizards
  7 kobolds
  2 rats (D:2)
90 creatures vanquished.

Notes
Turn   | Place    | Note
-------+----------+-------------------------------------------
     0 | D:1      | ChiefBigBeans the Demonspawn Fighter began the quest for
                  | the Orb.
     0 | D:1      | Reached XP level 1. HP: 18/18 MP: 1/1
   131 | D:1      | Gained mutation: A meltable shield of frost defends you.
                  | (SH +0) [demonic ancestry]
   131 | D:1      | Reached XP level 2. HP: 24/24 MP: 2/2
   406 | D:1      | Found a transporter.
   411 | D:1      | Found Foim's General Store.
   417 | D:1      | Found a transporter.
   686 | D:2      | Gained mutation: You regenerate magic rapidly. [demonic
                  | ancestry]
   686 | D:2      | Reached XP level 3. HP: 30/30 MP: 3/3
   834 | D:2      | Found a stormy altar of Qazlal.
   877 | D:2      | Became a worshipper of Qazlal Stormbringer
  1086 | D:2      | Noticed Robin
  1103 | D:2      | Killed Robin
  1225 | D:2      | Reached XP level 4. HP: 24/37 MP: 4/4
  1818 | D:3      | Found a radiant altar of Vehumet.
  1848 | D:3      | Identified the +6 spear of Pride {freeze, rElec rN+ Str-4
                  | Int+3 Dex+3}
  1856 | D:3      | Noticed Jessica
  1882 | D:3      | Killed Jessica
  1970 | D:3      | You fall into a shaft and drop 2 floors!
  1970 | D:5      | Entered Level 5 of the Dungeon
  1982 | D:5      | Noticed an ice beast
  2001 | D:5      | Killed an ice beast
  2002 | D:5      | Reached XP level 5. HP: 10/43 MP: 5/5
  2023 | D:5      | Noticed a water moccasin
  2030 | D:5      | Gained mutation: Your body sometimes deteriorates upon
                  | taking damage. [potion of mutation]
  2030 | D:5      | Gained mutation: You are resistant to electric shocks.
                  | (rElec) [potion of mutation]
  2030 | D:5      | Gained mutation: You occasionally lose the ability to drink
                  | potions when taking damage. [potion of mutation]
  2030 | D:5      | Gained mutation: You are agile. (Dex +4, Str/Int -1)
                  | [potion of mutation]
  2066 | D:4      | Reached XP level 6. HP: 50/50 MP: 6/6
  2067 | D:4      | Reached * piety under Qazlal
  2467 | D:4      | Reached skill level 5 in Fighting
  3467 | D:5      | Gained mutation: When hurt, damage is shared between your
                  | health and your magic reserves. [demonic ancestry]
  3467 | D:5      | Reached XP level 7. HP: 47/56 MP: 7/7
  3480 | D:5      | Reached skill level 5 in Shields
  3496 | D:5      | HP: 1/56 [water moccasin (2)]
  3497 | D:5      | Succumbed to a water moccasin's poison

Illustrated notes

Levels and vault maps discovered:
D:1:      eino_arrival_cavern_b, layout_loops_cross, serial_shops,
          nicolae_shop_drivethru
D:2:      layout_basic, basic_altar, uniq_robin
D:3:      layout_rooms, nicolae_vehumet_altar_sigil, st_stairs_11, uniq_jessica
D:4:      layout_basic
D:5:      layout_cave_pools, kennysheep_crisscross

Skill      XL: |  1  2  3  4  5  6  7 |
---------------+----------------------+-----
Shields        | 3 4 5 |  5.0
Fighting       | 4 5 |  5.5
Polearms       | 2 4 |  4.3
Axes           | |  1.7
Armour         | |  2.6

Action                     |  1- 3 |  4- 6 |  7- 9 || total
---------------------------+-------+-------+-------++-------
  Melee: War axe           |    84 |    51 |       ||   135
         Spear             |       |   114 |    17 ||   131
    Use: Scroll            |       |     8 |       ||     8
         Potion            |       |     6 |     2 ||     8
 Armour: Scale mail        |    41 |    60 |    11 ||   112
  Dodge: Dodged            |    33 |    38 |     2 ||    73
  Block: Buckler           |    47 |    91 |    12 ||   150
